 Dungeon Crawl Stone Soup version 0.29-a0-330-g52719c12eb (webtiles) character file.

Game seed: 7748927368208054908

84 Armakuni the Insei (level 4, -4/52 HPs)
             Began as a Human Transmuter on Apr 15, 2022.
             Splashed by a jelly's acid (9 damage)
             ... on level 4 of the Dungeon.
             The game lasted 00:07:12 (2489 turns).

Armakuni the Insei (Human Transmuter)               Turns: 2489, Time: 00:07:12

Health: -4/52      AC: -9    Str: 10 (13) XL:     4   Next: 72%
Magic:  7/7        EV: 12    Int: 11 (13) God:
Gold:   125        SH:  0    Dex: 18 (21) Spells: 5/7 levels left

rFire   + . .      SeeInvis .   n - +2 spear "Duupn" {venom, *Noise Fragile rPois Dex+8}
rCold   . . .      Faith    .   (no shield)
rNeg    . . .      Spirit   .   g - +0 leather armour
rPois   +          Reflect  .   (no helmet)
rElec   .          Harm     .   i - +0 cloak
rCorr   .          Rampage  .   j - +0 pair of gloves
Will    .....                   k - +0 pair of boots
Stlth   ..........              M - amulet of magic regeneration
HPRegen 0.17/turn               F - ring of protection from fire
MPRegen 0.50/turn               (no ring)

@: berserking, corroded, very quick
A: no striking features
a: no special abilities


You were on level 4 of the Dungeon.
You visited 1 branch of the dungeon, and saw 4 of its levels.

You collected 125 gold pieces.

Inventory:

Hand Weapons
 a - a +0 mace
 n - the +2 spear "Duupn" (weapon) {venom, *Noise Fragile rPois Dex+8}
   (You found it on level 3 of the Dungeon)

   It poisons the flesh of those it strikes.
   Dex:       It affects your dexterity (+8).
   rPois:     It protects you from poison.
   *Noise:    It may make noises in combat.
   Fragile:   It will be destroyed if unequipped.
 o - a +4 falchion
Missiles
 l - 6 boomerangs
 m - 5 silver boomerangs
Armour
 g - a +0 leather armour (worn)
 i - a +0 cloak (worn)
 j - a +0 pair of gloves (worn)
 k - a +0 pair of boots (worn)
Jewellery
 F - a ring of protection from fire (left hand)
 M - an amulet of magic regeneration (around neck)
Wands
 h - a wand of acid (8)
Scrolls
 d - 3 scrolls of magic mapping
 f - a scroll of noise
Potions
 b - 2 potions of lignification
 c - a potion of resistance
 e - 2 potions of curing
 p - a potion of degeneration


   Skills:
 + Level 3.0 Fighting
 - Level 2.3 Maces & Flails
 + Level 0.3 Armour
 + Level 2.1 Dodging
 - Level 3.0 Unarmed Combat
 - Level 2.0 Spellcasting
 - Level 2.0 Transmutations


You had 5 spell levels left.
You knew the following spells:

 Your Spells              Type           Power      Damage    Failure   Level
w - Wereblood             Tmut           5%         N/A       26%         2

Your spell library contained the following spells:

 Spells                   Type           Power      Damage    Failure   Level
 Beastly Appendage        Tmut           10%        N/A       17%         1
 Animate Skeleton         Necr           2%         N/A       36%         1
 Pain                     Necr           4%         1d4       36%         1
 Sublimation of Blood     Necr           1%         N/A       52%         2
 Spider Form              Tmut/Pois      3%         N/A       61%         3
 Vampiric Draining        Necr           1%         2d6       75%         3
 Ice Form                 Ice/Tmut       3%         N/A       95%         4
 Summon Hydra             Summ           0%         N/A       100%        7


Dungeon Overview and Level Annotations

Branches:
Dungeon (4/15)
 Temple: D:4-7

Altars:


Message History

Found a stone staircase leading up.
You reach to attack!
You hit the orc.
The orc is poisoned.
The orc is severely wounded.
You completely miss the orc.
Your spear "Duupn" says, "We'll split the gold!
Fifty-fifty!"
The orc is severely wounded.
You hear a bark!
You hear a shout!
The orc hits you but does no damage.
You hit the orc.
You kill the orc!
You hear a distant slurping noise.
You see here a +0 whip.
A jelly comes into view.
The jelly quivers.
Okay, then.
Unknown command.
You reach to attack!
You hit the jelly.
The jelly is lightly wounded.
You hit the jelly. The acid corrodes you!
Your hands burn!
The jelly is moderately wounded.
The jelly hits you. The acid corrodes you!
You are splashed with acid.
You hit the jelly but do no damage.
Your hands burn!
The jelly is moderately wounded.
An orc comes into view. It is wielding a +0 whip.
The jelly hits you.
You are splashed with acid!
Okay, then.
It was a potion of curing.
You feel better. The jelly hits you. The acid corrodes you!
You are splashed with acid!
Okay, then.
It was a potion of degeneration.
There was something very wrong with that liquid.
You feel weakened.
You feel dopey.
You feel clumsy. The jelly hits you. The acid corrodes you!
You are splashed with acid!
* * * LOW HITPOINT WARNING * * *
It was a potion of berserk rage.
A red film seems to cover your vision as you go berserk!
You feel yourself moving faster!
You feel mighty! The jelly hits you.
* * * LOW HITPOINT WARNING * * *
You are splashed with acid!
You die...

#..........
..........
..........
.........
......o..
#.......#
#J......#
#@......#
#.......#
#.##+####
###.##.#
#######......#
..<....).....#
#######.#.#.##
..>.......#.#
#######.###.#


You could see a jelly and an orc.

Vanquished Creatures
  3 adders (D:2)
  4 orcs
  8 endoplasms
  4 goblins
  6 hobgoblins
  4 kobolds (D:2)
  3 quokkas
  8 ball pythons
  2 bats (D:3)
  5 frilled lizards
  2 rats
49 creatures vanquished.

Notes
Turn   | Place    | Note
-------+----------+-------------------------------------------
     0 | D:1      | Armakuni the Human Transmuter began the quest for the Orb.
     0 | D:1      | Reached XP level 1. HP: 15/15 MP: 3/3
   238 | D:1      | Reached XP level 2. HP: 22/22 MP: 5/5
   241 | D:1      | Learned a level 2 spell: Wereblood
   601 | D:1      | Reached skill level 1 in Maces & Flails
   736 | D:1      | Found a faded altar of an unknown god.
  1094 | D:2      | Reached XP level 3. HP: 27/27 MP: 6/6
  1441 | D:2      | Reached XP level 4. HP: 17/34 MP: 7/7
  2156 | D:3      | Identified the +2 spear "Duupn" {venom, *Noise Fragile
                  | rPois Dex+8}
  2489 | D:4      | Splashed by a jelly's acid

Illustrated notes

Levels and vault maps discovered:
D:1:      minmay_arrival_wavy_path, layout_rooms,
          shapermc_ecumenical_altar_mp_ritualfount
D:2:      layout_basic
D:3:      layout_basic
D:4:      layout_basic, dk_noncrumbling_4

Skill      XL: |  1  2  3  4 |
---------------+-------------+-----
Fighting       | 2 3 |  3.0
Maces & Flails | 1 2 |  2.3
Armour         | |  0.3
Dodging        | |  2.1
Unarmed Combat | |  3.0
Spellcasting   | |  2.0
Transmutations | |  2.0

Action                   |  1- 3 |  4- 6 || total
-------------------------+-------+-------++-------
Melee: Unarmed           |     6 |       ||     6
       Mace              |    78 |    40 ||   118
       Kick              |     1 |       ||     1
       Punch             |     2 |       ||     2
       Spear             |       |    27 ||    27
 Cast: Beastly Appendage |     3 |       ||     3
       Wereblood         |    10 |     7 ||    17
  Use: Scroll            |     4 |     3 ||     7
       Potion            |       |     3 ||     3
 Stab: Sleeping          |     1 |     1 ||     2
Armor: Robe              |     4 |       ||     4
       Leather armour    |    25 |    21 ||    46
Dodge: Dodged            |    62 |    27 ||    89

Table legend: (Time is in decaauts)
 A = Elapsed time spent in this place.
 B = Non-inter-level travel time spent in this place.
 C = Inter-level travel time spent in this place.
 D = Time resting spent in this place.
 E = Time spent auto-exploring this place.
 F = Levels seen in this place.
 G = Mean time per level.
                   A        B        C        D        E       F      G
               +--------+--------+--------+--------+--------+-----+--------+
         Total |   2528 |   2431 |     97 |    478 |   1293 |   4 |  632.0 |
       Dungeon |   2528 |   2431 |     97 |    478 |   1293 |   4 |  632.0 |
               +--------+--------+--------+--------+--------+-----+--------+

Top non-repeatable levels by time:
     D:2: 1091 daAuts
     D:1: 868 daAuts
     D:3: 543 daAuts
     D:4: 25 daAuts
